 Dungeon Crawl Stone Soup version 0.21-a0-2-ge494091 (webtiles) character file.

74 TheGoonsmith the Cudgeler (level 4, -5/37 HPs)
             Began as a Demonspawn Berserker on May 22, 2017.
             Was a Believer of Trog.
             Killed by nerve-wracking pain
             ... invoked by Grinder
              (12 damage)
             ... on level 3 of the Dungeon.
             The game lasted 00:02:42 (1564 turns).

TheGoonsmith the Cudgeler (Demonspawn Berserker)    Turns: 1564, Time: 00:02:43

Health: -5/37      AC:  9    Str: 18    XL:     4   Next: 9%
Magic:  0/4        EV:  7    Int:  9    God:    Trog [**....]
Gold:   87         SH:  0    Dex: 12    Spells: 3/3 levels left

rFire    . . .     SeeInvis .   a - +0 mace
rCold    . . .     Gourm    .   (no shield)
rNeg     . . .     Faith    .   g - +0 chain mail
rPois    .         Spirit   +   (no helmet)
rElec    .         Reflect  .   (no cloak)
rCorr    .         Harm     .   n - +0 pair of gloves (curse)
MR       .....                  (no boots)
Stlth    ..........             (no amulet)
Regen    0.2/turn               (no ring)
MPRegen  0.1/turn               (no ring)

@: no status effects
A: demonic guardian 1, magic shield
a: Berserk, Trog's Hand, Burn Spellbooks, Renounce Religion


You were on level 3 of the Dungeon.
You worshipped Trog.
Trog was pleased with you.
You were not hungry.

You visited 1 branch of the dungeon, and saw 3 of its levels.

You collected 87 gold pieces.

Inventory:

Hand Weapons
 a - a +0 mace (weapon)
Armour
 b - a +0 animal skin
 g - a +0 chain mail (worn)
 n - a cursed +0 pair of gloves (worn)
Wands
 m - a wand of random effects (37/48)
Scrolls
 d - 2 scrolls of teleportation {unknown}
 e - 3 scrolls of identify {unknown}
 f - 4 scrolls of remove curse {unknown}
 h - a scroll of magic mapping {unknown}
 k - a scroll of noise {unknown}
Potions
 i - a potion of heal wounds {unknown}
 l - a potion of brilliance {unknown}
 p - a potion of curing {unknown}
 r - a potion of mutation {unknown}
Books
 o - a book of Cantrips

   Spells                             Type                      Level
   a - Confusing Touch                Hexes                        1
   b - Animate Skeleton               Necromancy                   1
   c - Summon Small Mammal            Summoning                    1
   d - Apportation                    Translocation                1
   Trog disapproves of the use of such an item.
Comestibles
 c - 3 bread rations
 j - a meat ration
 q - 4 fruits


   Skills:
 + Level 3.8 Fighting
 * Level 3.9 Maces & Flails
 - Level 1.7 Armour
 - Level 1.7 Dodging


You had 3 spell levels left.
You didn't know any spells.

Dungeon Overview and Level Annotations

Branches:
Dungeon (3/15)

Altars:
Cheibriados
Dithmenos
Sif Muna
Xom

Annotations:
D:3 Grinder


Innate Abilities, Weirdness & Mutations

A weak demonic guardian rushes to your aid.
When hurt, damage is shared between your health and your magic reserves.


Message History

Your ufetubus closely misses Grinder.
Your ufetubus barely misses Grinder.
Your shadow imp hits Grinder but does no damage.
Your ufetubus hits Grinder.
Your ufetubus hits Grinder but does no damage.
Grinder hits you.
* * * LOW HITPOINT WARNING * * *
You writhe in agony.
* * * LOW HITPOINT WARNING * * *
Your shadow imp hits Grinder.
You can move again.
Unknown command.
Unknown command.
Unknown command.
You hit Grinder but do no damage.
Grinder is moderately wounded.
Your ufetubus closely misses Grinder.
Your ufetubus hits Grinder. x2
Your ufetubus closely misses Grinder.
Grinder gestures at you. Pain shoots through your body!
You die...

#....)..†.....#.#
###..#
##......)...#...#
##.#
#..........##..###
..#
#..........##....#
..
#..........##..#.#
.. .
#..........###.#.#
. # ##........##
#...# .##
#..........# ##..#
..# #.......5@.#
#..# #.#
......55.#
#..######.#
.........#
##......#.##
..=......#
#..)##...##
..........
###.####...
#..[...##.. #.#
#... ##?#### #.
#.# #..# #. ## #.#
#..# #.# #....


You could see Grinder, a friendly shadow imp and a friendly ufetubus.

Vanquished Creatures
  2 adders
  2 worms (D:2)
  4 dart slugs (D:1)
  4 orcs (D:3)
  A giant cockroach (D:3)
  7 goblins
  2 hobgoblins (D:2)
  3 bats (D:1)
  3 frilled lizards
  3 kobolds
  9 rats
40 creatures vanquished.

Notes
Turn   | Place    | Note
-------+----------+-------------------------------------------
     0 | D:1      | TheGoonsmith the Demonspawn Berserker began the quest for the Orb.
     0 | D:1      | Reached XP level 1. HP: 18/18 MP: 1/1
    54 | D:1      | Gained mutation: When hurt, damage is shared between your health and your magic reserves. [demonic ancestry]
    54 | D:1      | Reached XP level 2. HP: 24/24 MP: 2/2
   792 | D:2      | Found a shimmering altar of Xom.
   794 | D:2      | Found a shimmering altar of Xom.
   794 | D:2      | Found a shimmering altar of Xom.
   794 | D:2      | Found a shimmering altar of Xom.
   795 | D:2      | Found a shimmering altar of Xom.
   807 | D:2      | Reached ** piety under Trog
   807 | D:2      | Reached XP level 3. HP: 27/29 MP: 3/3
  1085 | D:2      | Found a deep blue altar of Sif Muna.
  1085 | D:2      | Found a shadowy altar of Dithmenos.
  1086 | D:2      | Found a snail-covered altar of Cheibriados.
  1366 | D:2      | Found a shimmering altar of Xom.
  1409 | D:2      | Found a shimmering altar of Xom.
  1518 | D:3      | Gained mutation: A weak demonic guardian rushes to your aid. [demonic ancestry]
  1518 | D:3      | Reached XP level 4. HP: 32/37 MP: 2/4
  1554 | D:3      | Noticed Grinder
  1560 | D:3      | Paralysed by Grinder for 4 turns
  1564 | D:3      | Killed from afar by Grinder

Vault maps used:
D:1:      minmay_arrival_open_corners
D:2:      xom_redecorated, gammafunk_temple_overflow_claw, first_bread
D:3:      uniq_grinder, uniq_ijyb

Skill      XL: |  1 |
---------------+----+-----
Maces & Flails | 3 |  3.9
Fighting       | |  3.8
Armour         | |  1.7
Dodging        | |  1.7

Action                   |  1- 3 |  4- 6 || total
-------------------------+-------+-------++-------
Melee: Mace              |   130 |    12 ||   142
Invok: Berserk           |     1 |       ||     1
  Eat: Chunk             |     2 |     1 ||     3
Armor: Animal skin       |     5 |       ||     5
       Chain mail        |    68 |    13 ||    81
Dodge: Dodged            |    73 |     5 ||    78
